AoeStats
← ^5Toasty^2PopTart

Black Forest

508243225Analyzed
4v4 RM · 11d ago on Sep 21, 2026· 41m 22s· 8 players
Game mode
Random Map
Map size
Large (8 player)
Population
200
Speed
Normal
Resources
Standard
Victory
Conquest
Starting age
Dark Age
Ending age
Imperial Age
RankedLock teamsTeams togetherTeam positionsShared explorationLock speedFull tech treeHidden civsTurbo modeCheats
Victory
Defeat
🇮🇳 Britons · India
788
+12
🇨🇭 Persians · Switzerland
744
+14
🇺🇸 Celts · United States
730
+14
🇫🇷 Goths · France
700
+15
🇦🇷 Khmer · Argentina
810
-18
🇦🇺 Britons · Australia
675
-13
🇲🇽 Spanish · Mexico
653
-12
🇨🇳 Turks · China
637
-12
^5Toasty^2PopTart
1:23 Loom
17:18 Feudal Age
18:33 Double-Bit Axe
22:46 Horse Collar
28:23 Castle Age
27:37 Fletching
29:17 Crossbowman
30:04 Bodkin Arrow
31:04 Wheelbarrow
30:19 Town Watch
31:25 Bow Saw
31:53 Stone Mining
34:16 Fortified Wall
35:58 Gambesons
37:19 Murder Holes
37:52 Horse Collar
39:23 Forging
39:13 Scale Mail Armor
39:13 Padded Archer Armor
38:44 Man-at-Arms
39:10 Arson
41:48 Ballistics
xxbysnipxx
3:55 Loom
10:40 Feudal Age
16:54 Castle Age
17:45 Double-Bit Axe
23:18 Horse Collar
31:00 Imperial Age
30:45 Fletching
31:53 Wheelbarrow
32:15 Heavy Plow
32:28 Bow Saw
34:40 Hand Cart
34:54 Ballistics
35:35 Chemistry
36:34 Pikeman
37:17 Squires
36:44 Elite Longbowman
37:45 Conscription
37:47 Yeomen
39:13 Capped Ram
40:27 Guilds
40:21 Caravan
Spieler32626386
0:42 Loom
12:09 Feudal Age
12:49 Horse Collar
13:00 Double-Bit Axe
17:26 Wheelbarrow
19:31 Castle Age
17:27 Gold Mining
17:57 Stone Mining
18:47 Forging
20:33 Heavy Plow
20:48 Bow Saw
23:54 Hand Cart
26:19 Fishing Lines
27:27 Gold Shaft Mining
29:15 Gillnets
32:34 Imperial Age
30:41 Scale Barding Armor
31:07 Ballistics
31:23 Iron Casting
31:08 Masonry
32:52 Chain Barding Armor
32:33 Husbandry
32:44 Bloodlines
33:55 Blast Furnace
33:40 Conscription
33:35 Devotion
34:22 Crop Rotation
34:57 Two-Man Saw
34:59 Plate Barding Armor
34:32 Fletching
34:18 Elite War Elephant
34:54 Town Watch
36:53 Town Patrol
37:02 Bodkin Arrow
39:30 Chemistry
41:57 Scale Mail Armor
41:58 Padded Archer Armor
cazator
0:37 Loom
12:10 Feudal Age
12:38 Double-Bit Axe
12:38 Horse Collar
22:13 Castle Age
20:02 Man-at-Arms
20:38 Gold Mining
21:08 Stone Mining
21:38 Scale Mail Armor
22:13 Forging
22:34 Fletching
22:40 Fletching
23:15 Bow Saw
23:38 Heavy Plow
23:49 Caravan
24:15 Squires
26:27 Iron Casting
27:26 Stone Shaft Mining
26:37 Long Swordsman
28:20 Pikeman
30:08 Chain Mail Armor
30:19 Murder Holes
33:06 Ballistics
38:08 Imperial Age
38:32 Two-Handed Swordsman
39:42 Conscription
41:37 Blast Furnace
41:02 Champion
angelottis
0:38 Loom
15:22 Feudal Age
16:17 Double-Bit Axe
20:08 Stone Mining
21:22 Horse Collar
21:33 Gold Mining
22:27 Fishing Lines
27:29 Wheelbarrow
30:45 Castle Age
29:54 Scale Barding Armor
29:59 Forging
32:02 Bow Saw
31:57 Caravan
32:04 Heavy Plow
32:44 Gillnets
33:42 Bloodlines
33:33 Husbandry
35:53 Fortified Wall
39:16 Imperial Age
37:40 Chain Barding Armor
41:09 Two-Man Saw
LAI32
14:29 Feudal Age
18:22 Wheelbarrow
20:33 Double-Bit Axe
25:07 Castle Age
27:34 Horse Collar
31:11 Bow Saw
39:36 Imperial Age
Admar
0:30 Loom
15:27 Feudal Age
18:42 Castle Age
16:32 Double-Bit Axe
18:24 Horse Collar
20:27 Stone Mining
20:27 Gold Mining
21:34 Wheelbarrow
24:03 Fervor
28:01 Town Watch
28:38 Hand Cart
28:42 Heavy Plow
30:07 Gold Mining
32:14 Bow Saw
35:01 Imperial Age
34:01 Town Patrol
35:56 Husbandry
36:06 Bloodlines
35:18 Light Cavalry
37:02 Gold Shaft Mining
37:02 Stone Shaft Mining
37:39 Chemistry
36:47 Scale Barding Armor
36:53 Forging
37:15 Capped Ram
37:15 Heavy Scorpion
38:21 Double Crossbow
38:35 Hussar
39:09 Siege Ram
40:26 Conscription
39:30 Pikeman
40:54 Crop Rotation
40:49 Chain Barding Armor
41:04 Iron Casting
40:41 Masonry
Brown Sugar
1:58 Loom
15:54 Feudal Age
17:32 Double-Bit Axe
17:42 Town Watch
18:20 Horse Collar
18:27 Double-Bit Axe
20:44 Castle Age
20:28 Wheelbarrow
22:17 Bow Saw
22:08 Heavy Plow
23:45 Hand Cart
25:35 Gold Mining
25:40 Stone Mining
30:14 Gold Shaft Mining
31:49 Coinage
31:23 Caravan
36:41 Imperial Age
34:08 Fletching
34:18 Padded Archer Armor
35:08 Bodkin Arrow
37:04 Yeomen
37:02 Leather Archer Armor
38:09 Guilds
38:29 Banking
39:05 Two-Man Saw
38:07 Bracer
38:38 Ring Archer Armor
37:31 Crossbowman
38:39 Conscription
38:19 Warwolf
38:56 Hoardings
38:23 Arbalester
39:08 Onager
Connection lost

Rejoining the realm…

Still unreachable

The connection could not be restored.

Session expired

The server has moved on; the page needs a fresh start.